 Dungeon Crawl Stone Soup version 0.29.0-4-gdea44cf6ec (webtiles) character file.

Game seed: 4829348695975975313

51 Flugkiller the Covered (level 3, 0/33 HPs)
             Began as a Minotaur Fighter on Aug 27, 2022.
             Slain by a gnoll
             ... wielding a +2 flail of protection
              (4 damage)
             ... on level 2 of the Dungeon.
             The game lasted 00:00:30 (916 turns).

Flugkiller the Covered (Minotaur Fighter)            Turns: 916, Time: 00:00:31

Health: 0/33       AC:  8    Str: 20    XL:     3   Next: 58%
Magic:  2/2        EV:  9    Int:  5    God:
Gold:   47         SH:  4    Dex: 11    Spells: 2/2 levels left

rFire   + . .      SeeInvis .   a - +0 war axe
rCold   . . .      Faith    .   c - +0 buckler
rNeg    . . .      Spirit   .   b - +0 scale mail
rPois   .          Reflect  .   (helmet restricted)
rElec   .          Harm     .   (no cloak)
rCorr   .          Rampage  .   j - +0 pair of gloves
Will    .....                   (no boots)
Stlth   ..........              (no amulet)
HPRegen 0.11/turn               f - ring of protection from fire
MPRegen 0.08/turn               (no ring)

@: no status effects
A: horns 2, retaliatory headbutt
a: no special abilities


You were on level 2 of the Dungeon.
You visited 1 branch of the dungeon, and saw 2 of its levels.

You collected 47 gold pieces.

Inventory:

Hand Weapons
 a - a +0 war axe (weapon)
Armour
 b - a +0 scale mail (worn)
 c - a +0 buckler (worn)
 j - a +0 pair of gloves (worn)
   (You found it on level 1 of the Dungeon)
Jewellery
 f - a ring of protection from fire (left hand)
   (You found it on level 1 of the Dungeon)
Wands
 k - a wand of mindburst (15)
   (You found it on level 2 of the Dungeon)
Scrolls
 e - a scroll of torment {unknown}
 g - 2 scrolls of identify {unknown}
 h - a scroll of fear {unknown}
 i - a scroll of amnesia {unknown}
 l - a scroll of noise {unknown}
Potions
 d - 3 potions of might
 m - a potion of flight {unknown}


   Skills:
 + Level 4.1 Fighting
 * Level 3.9 Axes
 + Level 4.2 Armour
 - Level 3.6 Shields


You had 2 spell levels left.
You didn't know any spells.
Your spell library was empty.

Dungeon Overview and Level Annotations

Branches:
Dungeon (2/15)

Altars:


Innate Abilities, Weirdness & Mutations

You have a pair of horns on your head.
You reflexively headbutt those who attack you in melee.


Message History

The hobgoblin shouts!
You block the goblin's attack.
You closely miss the goblin. The goblin barely misses you.
You closely miss the goblin. The goblin barely misses you.
The hobgoblin hits you but does no damage.
You block the goblin's attack.
You hit the hobgoblin.
The hobgoblin is almost dead.
You completely miss the goblin. The goblin hits you but does no damage.
You block the hobgoblin's attack.
You slash the hobgoblin!
You kill the hobgoblin!
You barely miss the goblin. The goblin barely misses you.
You slash the goblin!
You kill the goblin!
No target in view!
Things that are here:
a +0 dagger; a goblin corpse A jackal comes into view.
The jackal barks!
A jackal comes into view.
There are monsters nearby!
A dart slug and a jackal come into view.
Found a scroll labelled WOELYVVO QOOG.
The jackal bites you but does no damage.
You hit the jackal but do no damage. The jackal closely misses you.
The jackal barely misses you.
You closely miss the jackal. Your headbutt misses the jackal.
The jackal bites you but does no damage.
You barely miss the jackal. The jackal barely misses you.
You block the jackal's attack.
You barely miss the jackal. Your headbutt misses the jackal.
The jackal closely misses you.
You hit the jackal but do no damage. The jackal bites you.
The jackal bites you but does no damage.
You barely miss the jackal. You headbutt the jackal.
The jackal is heavily wounded.
The jackal bites you but does no damage.
The jackal completely misses you.
You hit the jackal.
You kill the jackal!
The jackal bites you but does no damage.
You slash the jackal!
You kill the jackal!
The jackal barely misses you.
You hit the jackal but do no damage. The jackal bites you.
The jackal bites you but does no damage.
You hit the jackal but do no damage.
The jackal bites you but does no damage. x2
You closely miss the jackal. You headbutt the jackal.
The jackal is lightly wounded.
You block the jackal's attack. x2
You barely miss the jackal.
The jackal is lightly wounded.
The jackal closely misses you.
The jackal bites you but does no damage.
You hit the jackal but do no damage. You headbutt the jackal.
You kill the jackal!
You slash the dart slug!
You kill the dart slug!
No target in view!
No target in view!
No target in view!
No target in view!
No target in view!
No target in view!
No target in view!
No target in view!
l - a scroll labelled WOELYVVO QOOG
m - a puce potion A gnoll comes into view.
It is wielding a +2 flail of protection.
The gnoll shouts!
You hear a shout! x2
A gnoll is nearby!
A gnoll is nearby!
A gnoll comes into view. It is wielding a +0 halberd.
The gnoll throws a stone.
The stone hits you but does no damage.
A gnoll comes into view. It is wielding a +0 flail.
An endoplasm comes into view.
You block the gnoll's attack.
You barely miss the gnoll. You hit the gnoll but do no damage.
You block the gnoll's attack. The gnoll hits you with a +0 flail.
You barely miss the gnoll. x2
The gnoll hits you from afar with a +0 halberd.
The gnoll hits you with a +0 flail.
You barely miss the gnoll. You hit the gnoll.
The gnoll hits you with a +2 flail of protection!
The gnoll throws a stone.
You block the stone. The gnoll hits you but does no damage.
The gnoll hits you from afar with a +0 halberd.
* * * LOW HITPOINT WARNING * * *
The gnoll barely misses you. The gnoll hits you with a +0 flail.
* * * LOW HITPOINT WARNING * * *
You are too injured to fight recklessly!
You are too injured to fight recklessly!
You are too injured to fight recklessly!
You are too injured to fight recklessly!
Unknown command.
The gnoll attacks as you move away!
The gnoll hits you with a +2 flail of protection.
You die...

#. #. #. ####.## .....###### #
##..g$...... #.##..g...# #.# #.#
.. J...#Jg@#.# #.# #.# ... #
#.......# #^# #.# ...
#.###...### #.# #.# #.#
#.......# #.# #.# #.#
#......######.# #.# #.#
#####.........#####.### ##.##
##.....#####........# #...##
##.......## #.#.##.#.#
####...####.........###......#.#


You could see 3 gnolls and an endoplasm.

Vanquished Creatures
  A worm (D:2)
  3 dart slugs
  4 ball pythons (D:1)
  2 endoplasms
  3 giant cockroaches (D:1)
  4 goblins
  3 hobgoblins
  5 jackals
  3 kobolds (D:1)
  A quokka (D:1)
  3 bats (D:1)
  7 frilled lizards (D:1)
  A rat (D:1)
40 creatures vanquished.

Notes
Turn   | Place    | Note
-------+----------+-------------------------------------------
     0 | D:1      | Flugkiller the Minotaur Fighter began the quest for the
                  | Orb.
     0 | D:1      | Reached XP level 1. HP: 19/19 MP: 0/0
   206 | D:1      | Reached XP level 2. HP: 25/27 MP: 1/1
   577 | D:1      | Reached XP level 3. HP: 33/33 MP: 2/2
   916 | D:2      | Slain by a gnoll

Illustrated notes

Levels and vault maps discovered:
D:1:      dpeg_arrival_court, layout_basic
D:2:      layout_loops_corners, shapermc_ecumenical_altar_petra, uniq_terence

Skill      XL: |  1  2 |
---------------+-------+-----
Axes           | 3 |  3.9
Armour         | 4 |  4.2
Fighting       | 4 |  4.1
Shields        | |  3.6

Action                   || total
-------------------------++-------
Melee: War axe           ||    87
       Headbutt          ||    11
Armor: Scale mail        ||    47
Dodge: Dodged            ||    37
Block: Buckler           ||    31
